Map: Winter's Gate LE

Players

MrNovember - Winner!

  • Race: Zerg Zerg
  • League: Grandmaster
  • Spawn Location: 5:00

SilverBullet

  • Race: Terran Terran
  • League: Master
  • Spawn Location: 11:00

VOD

Have the link to the VOD?

Description

Time

  • Played on: Sept. 21, 2019, 2:06 p.m.
  • Length: 3:04
Show
View Real Time Build Order
Export as new Build Order

MrNovember Zerg - Winner!

Build Orders: Hatch First 

Get SALT Encoding   

  12  0:00  Drone  
  13  0:12  Overlord  
  13  0:17  Drone  
  14  0:30  Drone x2  
  16  0:47  Hatchery  
  15  0:50  Drone  
  15  0:55  Drone  
  17  0:58  Drone  
  18  1:10  Extractor  
  17  1:14  Spawning Pool  
  17  1:15  Drone  
  17  1:20  Drone  
  18  1:28  Drone  
  19  1:43  Overlord  
  19  2:01  Queen  
  19  2:02  Zergling x6  
  19  2:05  Spine Crawler  
  23  2:10  Zergling x2  
  25  2:15  Zergling x2  
  25  2:24  Zergling x2  
  25  2:29  Zergling x2  
  27  2:33  Zergling x2  
  26  2:40  Zergling x2  
Show
View Real Time Build Order
Export as new Build Order

SilverBullet Terran 

Build Orders:  

Get SALT Encoding   

  12  0:01  SCV  
  13  0:13  SCV  
  14  0:18  Supply Depot  
  14  0:58  Barracks  
  14  0:59  Barracks  
  14  1:08  Barracks  
  14  1:10  SCV  
  15  1:22  SCV  
  16  1:44  Orbital Command  
  16  1:45  Marine, Supply Depot  
  17  1:48  Marine  
  18  1:58  Marine  
  18  2:00  Bunker  
  19  2:03  Marine  
  19  2:07  Marine  
  21  2:16  Marine  
  21  2:20  Marine  
  23  2:24  Marine  
  23  2:25  SCV  
  23  2:34  Marine  
  21  2:38  Marine  
  21  2:42  Marine, SCV  
Tags
 
Add a new tag
Caveats
  • Supply blocks, unpowered buildings, or Contaminate may cause inaccurate times.
  • Supply counts are checked every 10 seconds.